 Dungeon Crawl Stone Soup version 0.29.1-1-gd02db6906a (webtiles) character file.

Game seed: 2629848616190260537

58 GigaChad the Sneak (level 4, -5/27 HPs)
             Began as a Kobold Brigand on Oct 4, 2022.
             Was a Follower of Jiyva.
             Slain by Crazy Yiuf
             ... wielding a +2 quarterstaff of chaos
              (10 damage)
             ... on level 3 of the Dungeon.
             The game lasted 00:05:50 (2263 turns).

GigaChad the Sneak (Kobold Brigand)                 Turns: 2263, Time: 00:05:50

Health: -5/27      AC:  3    Str: 10    XL:     4   Next: 20%
Magic:  5/5        EV: 14    Int: 12    God:    Jiyva [*.....]
Gold:   81         SH:  0    Dex: 16    Spells: 4/4 levels left

rFire   . . .      SeeInvis .   a - +2 dagger
rCold   . . .      Faith    .   (no shield)
rNeg    . . .      Spirit   .   b - +0 robe
rPois   .          Reflect  .   (no helmet)
rElec   .          Harm     .   c - +0 cloak
rCorr   .          Rampage  .   (no gloves)
Will    .....                   (no boots)
Stlth   ++++......              (no amulet)
HPRegen 0.89/turn               (no ring)
MPRegen 0.34/turn               (no ring)

@: lethally poisoned (-5 -> -6)
A: small, no large weapons, nightstalker 3
a: Renounce Religion


You were on level 3 of the Dungeon.
You worshipped Jiyva.
Jiyva was aware of your devotion.
You visited 1 branch of the dungeon, and saw 3 of its levels.

You collected 81 gold pieces.

Inventory:

Hand Weapons
 a - a +2 dagger (weapon)
Missiles
 d - 7 poisoned darts (quivered)
 e - 3 curare-tipped darts
Armour
 b - a +0 robe (worn)
 c - a +0 cloak (worn)
Jewellery
 m - a ring of wizardry
 o - an amulet of magic regeneration
Scrolls
 f - 2 scrolls of identify
 g - a scroll of enchant weapon {unknown}
 h - 4 scrolls of vulnerability {unknown}
 n - a scroll of noise {unknown}
Potions
 i - a potion of resistance {unknown}
 j - a potion of haste {unknown}
 k - a potion of heal wounds {unknown}
 l - a potion of degeneration {unknown}
 p - a potion of invisibility {unknown}
 q - a potion of brilliance {unknown}


   Skills:
 * Level 2.7 Fighting
 + Level 3.0 Short Blades
 + Level 2.6 Throwing
 + Level 1.9 Dodging
 + Level 6.1 Stealth
 * Level 0.9 Spellcasting


You had 4 spell levels left.
You didn't know any spells.
Your spell library contained the following spells:

 Spells                   Type           Power      Damage    Failure   Level
 Slow                     Hex            0%         N/A       30%         1
 Confusing Touch          Hex            0%         N/A       67%         3
 Vampiric Draining        Necr           0%         2d6       67%         3


Dungeon Overview and Level Annotations

Branches:
Dungeon (3/15)

Altars:
Jiyva

Annotations:
D:3 Crazy Yiuf


Innate Abilities, Weirdness & Mutations

You are small and have problems with some larger weapons.
You are completely attuned to the shadows.


Message History

You open the door.
You hear a distant slurping noise. x2
There is an open door here.
You hear a distant slurping noise.
You hear a distant slurping noise.
You hear a distant slurping noise.
You hear a distant slurping noise.
You hear a distant slurping noise.
Found a stone staircase leading up.
There is a stone staircase leading up here.
Found a runed translucent door.
Found a hammer.
You open the door.
Crazy Yiuf is nearby!
Crazy Yiuf is nearby!
Crazy Yiuf is nearby!
You throw a poisoned dart. The poisoned dart hits Crazy Yiuf.
Crazy Yiuf shouts!
You throw a poisoned dart. The poisoned dart hits Crazy Yiuf.
You throw a poisoned dart. The poisoned dart hits Crazy Yiuf.
Crazy Yiuf is poisoned.
You hear a distant slurping noise.
Crazy Yiuf misses you.
There is an open translucent door here.
You hit Crazy Yiuf but do no damage.
Crazy Yiuf is lightly wounded.
Crazy Yiuf hits you with a +2 quarterstaff of chaos!
You are poisoned.
You hit Crazy Yiuf.
Crazy Yiuf is lightly wounded.
You feel sick.
Crazy Yiuf looks more healthy.
Crazy Yiuf barely misses you.
You hit Crazy Yiuf but do no damage. Your punch misses Crazy Yiuf.
Crazy Yiuf is lightly wounded.
You feel sick.
Crazy Yiuf hits you with a +2 quarterstaff of chaos!
* * * LOW HITPOINT WARNING * * *
You hit Crazy Yiuf but do no damage.
Crazy Yiuf is lightly wounded.
Crazy Yiuf hits you with a +2 quarterstaff of chaos!
You die...

#####
#)(.#
#.(.#
#.g.#
#@#
#.##
##.#
#.##
##.#
##.##
##...#
#....#
##
#....#


You could see Crazy Yiuf.

Vanquished Creatures
  A gnoll (D:2)
  2 worms (D:2)
  2 dart slugs (D:2)
  An orc (D:3)
  An endoplasm (D:1)
  A giant cockroach (D:2)
  2 goblins
  4 hobgoblins
  2 jackals (D:2)
  3 quokkas (D:1)
  3 ball pythons
  4 bats
  6 frilled lizards
  4 kobolds (D:1)
36 creatures vanquished.

Vanquished Creatures (others)
  2 gnolls (D:2)
  An adder (D:2)
  3 ball pythons
  A bat (D:3)
  An endoplasm (D:3)
  A hobgoblin (D:3)
  2 jackals (D:2)
  A frilled lizard (D:2)
12 creatures vanquished.

Grand Total: 48 creatures vanquished

Notes
Turn   | Place    | Note
-------+----------+-------------------------------------------
     0 | D:1      | GigaChad the Kobold Brigand began the quest for the Orb.
     0 | D:1      | Reached XP level 1. HP: 12/12 MP: 1/1
   263 | D:1      | Reached XP level 2. HP: 14/17 MP: 2/2
  1006 | D:2      | Reached XP level 3. HP: 11/22 MP: 3/3
  1474 | D:2      | Found a faded altar of an unknown god.
  1484 | D:2      | Prayed at the altar of an unknown god.
  1484 | D:2      | Became a worshipper of Jiyva Jaalomp the Shapeless
  1484 | D:2      | Reached * piety under Jiyva
  1566 | D:2      | Reached skill level 6 in Stealth
  1831 | D:2      | Reached XP level 4. HP: 23/27 MP: 5/5
  2251 | D:3      | Found a runed translucent door.
  2254 | D:3      | Noticed Crazy Yiuf
  2263 | D:3      | Slain by Crazy Yiuf

Illustrated notes

Levels and vault maps discovered:
D:1:      dpeg_arrival_orchard, layout_basic, minmay_pentomino_w2
D:2:      layout_loops_ring, ebering_ecumenical_altar_abandoned,
          chequers_serial_rivers_room_b
D:3:      layout_loops_corners, mainiacjoe_overflow_surrounded_room,
          minmay_misc_feat_secret_circle, st_stairs_14, minmay_liquid_box,
          uniq_crazy_yiuf_cottage

Skill      XL: |  1  2  3 |
---------------+----------+-----
Stealth        | 6 |  6.1
Short Blades   | 3 |  3.0
Fighting       | |  2.7
Throwing       | |  2.6
Dodging        | |  1.9
Spellcasting   | |  0.9

Action                   |  1- 3 |  4- 6 || total
-------------------------+-------+-------++-------
Melee: Dagger            |    85 |    10 ||    95
Throw: Dart              |    30 |     5 ||    35
  Use: Scroll            |     1 |       ||     1
 Stab: Sleeping          |     6 |       ||     6
Armor: Robe              |    23 |     1 ||    24
Dodge: Dodged            |    89 |     8 ||    97
